 Dungeon Crawl Stone Soup version 0.31-a0-981-geadf994542 (console) character file.

Game seed: 4657419923019343180

1765321 Flugkiller the Hoplite (level 26, 221/221 HPs)
             Began as a Naga Hunter on Oct 31, 2023.
             Was a High Priest of Ashenzari.
             Escaped with the Orb
             ... and 3 runes!
             The game lasted 03:21:07 (58721 turns).

Flugkiller the Hoplite (Naga Hunter)               Turns: 58721, Time: 03:21:08

Health: 221/221    AC: 57    Str: 21    XL:     26   Next: 19%
Magic:  22/22      EV: 13    Int:  7    God:    Ashenzari [*****.]
Gold:   4205       SH: 39    Dex: 14    Spells: 23/27 levels left

rFire   + . .        a - +7 broad axe {vamp, Melee, Self} (curse)
rCold   . . .        b - +10 tower shield of Ignorance {rN+ Int-4, Fort, Bglg} (curse)
rNeg    + . .        E - +8 plate armour "Share My Shame" {rF+, Bglg, Dev} (curse)
rPois   +            U - +2 helmet of the Prophetic Ordeal {Cun, Fort} (curse)
rElec   +            c - +2 cloak "Circumscribed Omen" {rCorr, Alch, Bglg} (curse)
rCorr   +            R - +2 pair of gloves of the Eternal Ether {Dev, Melee} (curse)
SInv    +            O - +6 lightning scales {swift, rElec, Dev, Fort} (curse)
Will    +++++        S - amulet of Star-Bound Wisdom {Regen+, Bglg, Cun} (curse) Stlth
                     m - ring of willpower
HPRegen 1.36/turn    v - ring of Ashenzari's Visionary {EV+5, Melee, Fort} (curse)
MPRegen 0.18/turn

%: clarity
@: slow
A: AC +8, large, see invisible, deformed body, poison resistance, slowness 2,
spit poison 1, naga tail 2, stinger 1, large bone plates 1, berserk 1, clumsy 2,
frail 2, low MP 1, strong-willed 1, teleportitis 2, subdued magic 2
0: Orb of Zot
}: 3/15 runes: decaying, serpentine, silver
a: Spit Poison, Renounce Religion, Shatter the Chains


You escaped.
You worshipped Ashenzari.
Ashenzari was extremely pleased with you.
You visited 9 branches of the dungeon, and saw 47 of its levels.
You visited the Abyss 1 time.
You also visited: Ice Cave and Volcano.

You collected 7979 gold pieces.
You spent 3774 gold pieces at shops.

Inventory:

Hand Weapons
 a - the cursed +7 broad axe of Ashenzari's Stickiness (weapon) {vamp, Melee, Self}
   (You took it off a vault guard on level 2 of the Vaults)

   It has a curse which improves the following skills: Melee Combat: Short
   Blades, Long Blades, Axes, Maces & Flails, Polearms, Staves and Unarmed
   Combat.
   Introspection: Fighting and Spellcasting.
Missiles
 r - 18 curare-tipped darts
 F - 4 throwing nets (quivered)
Armour
 b - the cursed +10 tower shield of Ignorance (worn) {rN+ Int-4, Fort, Bglg}
   (You bought it in a shop on level 13 of the Dungeon)

   Int-4:     It affects your intelligence (-4).
   rN+:       It protects you from negative energy.
   It has a curse which improves the following skills: Fortitude: Armour and
   Shields.
   Beguiling: Conjurations, Hexes and Translocations.
 c - the cursed +2 cloak "Circumscribed Omen" (worn) {rCorr, Alch, Bglg}
   (You took it off a draconian shifter on level 2 of the Realm of Zot)

   It has a curse which improves the following skills: Alchemy: Poison Magic and
   Transmutations.
   Beguiling: Conjurations, Hexes and Translocations.
 E - the cursed +8 plate armour "Share My Shame" (worn) {rF+, Bglg, Dev}
   (You found it on level 1 of the Vaults)

   rF+:       It protects you from fire.
   It has a curse which improves the following skills: Beguiling: Conjurations,
   Hexes and Translocations.
   Devices:   Evocations and Shapeshifting.
 O - the cursed +6 lightning scales (worn) {swift, rElec, Dev, Fort}
   (You bought it in a shop on level 1 of the Vaults)

   Swift:     It allows the wearer to cover ground more swiftly.
   rElec:     It insulates you from electricity.
   It has a curse which improves the following skills: Devices: Evocations and
   Shapeshifting.
   Fortitude: Armour and Shields.
 R - the cursed +2 pair of gloves of the Eternal Ether (worn) {Dev, Melee}
   (You found it on level 13 of the Dungeon)

   It has a curse which improves the following skills: Devices: Evocations and
   Shapeshifting.
   Melee Combat: Short Blades, Long Blades, Axes, Maces & Flails, Polearms,
   Staves and Unarmed Combat.
 U - the cursed +2 helmet of the Prophetic Ordeal (worn) {Cun, Fort}
   (You found it on level 3 of the Dungeon)

   It has a curse which improves the following skills: Cunning: Dodging and
   Stealth.
   Fortitude: Armour and Shields.
Jewellery
 k - a ring of willpower
   (You took it off a yellow draconian on level 3 of the Realm of Zot)
 m - a ring of willpower (left hand)
   (You took it off a deep elf knight on level 2 of the Elven Halls)
 p - a ring of protection from fire
   (You found it in an ice cave)
 v - the cursed ring of Ashenzari's Visionary (right hand) {EV+5, Melee, Fort}
   (You found it on level 8 of the Dungeon)

   [ring of evasion]

   EV+5:      It affects your evasion (+5).
   It has a curse which improves the following skills: Melee Combat: Short
   Blades, Long Blades, Axes, Maces & Flails, Polearms, Staves and Unarmed
   Combat.
   Fortitude: Armour and Shields.
 y - a +5 ring of evasion
   (You found it on level 8 of the Dungeon)
 P - a ring of the Octopus King {HP+2 MP+9 AC+2 EV+2 SH+2}
   (You found it in an ice cave)

   [ring of magical power]

   AC+2:      It affects your AC (+2).
   EV+2:      It affects your evasion (+2).
   HP+2:      It affects your health (+2).
   MP+9:      It affects your magic capacity (+9).
   SH+2:      It affects your SH (+2).
 Q - a ring of ice
   (You found it on level 1 of the Depths)
 S - the cursed amulet of Star-Bound Wisdom (around neck) {Regen+, Bglg, Cun}
   (You found it on level 14 of the Dungeon)

   [amulet of regeneration]

   Regen+:    It increases your rate of health regeneration.
   It has a curse which improves the following skills: Beguiling: Conjurations,
   Hexes and Translocations.
   Cunning:   Dodging and Stealth.
Wands
 l - a wand of roots (28)
   (You took it off Pikel on level 5 of the Dungeon)
 o - a wand of paralysis (38)
   (You found it on level 5 of the Dungeon)
 C - a wand of digging (7)
   (You found it on level 8 of the Dungeon)
 H - a wand of mindburst (46)
   (You found it on level 11 of the Dungeon)
 T - a wand of light (17)
   (You found it on level 1 of the Swamp)
Scrolls
 f - 7 scrolls of fear
 g - 5 scrolls of revelation
 s - 3 scrolls of silence
 t - 17 scrolls of teleportation
 z - 2 scrolls of blinking
 B - 4 scrolls of poison
 D - 3 scrolls of fog
 I - 13 scrolls of immolation
 L - 3 scrolls of summoning
 X - 2 scrolls of vulnerability
Potions
 d - 3 potions of might
 e - 5 potions of magic
 i - 4 potions of berserk rage
 j - 2 potions of invisibility
 n - 4 potions of resistance
 q - 13 potions of curing
 w - 3 potions of heal wounds
 A - 11 potions of enlightenment
 G - 3 potions of lignification
 N - 5 potions of attraction
Miscellaneous
 J - a sack of spiders
   (You found it on level 5 of the Vaults)
 M - a phantom mirror
   (You found it on level 14 of the Dungeon)
 V - a phial of floods
   (You found it on level 1 of the Snake Pit)
 W - a tin of tremorstones (2/2)
   (You found it on level 3 of the Vaults)
 Y - a lightning rod (4/4)
   (You found it on level 3 of the Swamp)


   Skills:
 - Level 22.0(23.9) Fighting
 + Level 14.7(18.8) Axes
 - Level 12.3(16.5) Staves
 - Level 4.0 Ranged Weapons
 - Level 16.5(21.4) Armour
 - Level 10.4(13.5) Dodging
 - Level 5.5(8.6) Stealth
 - Level 22.4(27) Shields
 - Level 0.3(1.0) Spellcasting
 - Level 6.0(10.9) Translocations
 - Level 17.4(21.4) Evocations


You had 23 spell levels left.
You knew the following spells:

 Your Spells              Type           Power      Damage    Failure   Level
a - Lesser Beckoning      Tloc           18%        N/A       2%          2
r - Blink                 Tloc           18%        N/A       2%          2

Your spell library contained the following spells:

 Spells                   Type           Power      Damage    Failure   Level
 Gell's Gravitas          Tloc           9%         N/A       5%          3
 Teleport Other           Tloc           9%         N/A       5%          3
 Passage of Golubria      Tloc           9%         N/A       21%         4
 Momentum Strike          Conj/Tloc      10%        3d8       26%         2
 Magic Dart               Conj           0%         1d3       83%         1
 Slow                     Hex            0%         N/A       83%         1
 Foxfire                  Conj/Fire      0%         2x1d4     88%         1
 Dimensional Bullseye     Hex/Tloc       2%         N/A       89%         4
 Freeze                   Ice            0%         1d3       91%         1
 Searing Ray              Conj           0%         2d4       93%         2
 Static Discharge         Conj/Air       0%         3-3/arc   96%         2
 Dispersal                Tloc           4%         N/A       98%         6
 Confusing Touch          Hex            0%         N/A       99%         3
 Hailstorm                Conj/Ice       0%         3d3       99%         3
 Inner Flame              Hex/Fire       0%         N/A       99%         3
 Sigil of Binding         Hex            0%         N/A       99%         3
 Stone Arrow              Conj/Erth      0%         3d7       99%         3
 Summon Guardian Golem    Hex/Summ       0%         N/A       99%         3
 Call Canine Familiar     Summ           0%         N/A       100%        3
 Frozen Ramparts          Ice            0%         1d1       100%        3
 Ozocubu's Armour         Ice            0%         N/A       100%        3
 Vampiric Draining        Necr           0%         2d6       100%        3
 Airstrike                Air            0%         2d(0-16)  100%        4
 Animate Armour           Summ/Erth      0%         N/A       100%        4
 Dispel Undead            Necr           0%         3d6       100%        4
 Flame Wave               Conj/Fire      0%         2d4       100%        4
 Fulminant Prism          Conj/Hex       0%         3d5       100%        4
 Leda's Liquefaction      Hex/Erth       0%         N/A       100%        4
 Petrify                  Tmut/Erth      0%         N/A       100%        4
 Sticky Flame             Conj/Fire      0%         2d3       100%        4
 Summon Lightning Spire   Summ/Air       0%         N/A       100%        4
 Freezing Cloud           Conj/Ice/Air   0%         6-21      100%        5
 Lee's Rapid Deconstruct  Erth           0%         3d4*      100%        5
 Metabolic Englaciation   Hex/Ice        0%         N/A       100%        5
 Silence                  Hex/Air        0%         N/A       100%        5
 Summon Forest            Summ/Tloc      2%         N/A       100%        5
 Conjure Ball Lightning   Conj/Air       0%         3x3d6     100%        6
 Eringya's Noxious Bog    Tmut/Pois      0%         4d6       100%        6
 Plasma Beam              Fire/Air       0%         2x1d10    100%        6
 Simulacrum               Ice/Necr       0%         N/A       100%        6
 Starburst                Conj/Fire      0%         6d3       100%        6
 Orb of Destruction       Conj           0%         9d5       100%        7
 Ozocubu's Refrigeration  Ice            0%         4d7       100%        7
 Spellforged Servitor     Conj/Summ      0%         N/A       100%        7
 Summon Hydra             Summ           0%         N/A       100%        7
 Discord                  Hex            0%         N/A       100%        8
 Disjunction              Tloc           4%         N/A       100%        8
 Lehudib's Crystal Spear  Conj/Erth      0%         10d2      100%        8
 Chain Lightning          Conj/Air       0%         N/A       100%        9
 Fire Storm               Conj/Fire      0%         5d1       100%        9
 Polar Vortex             Ice            0%         N/A       100%        9
 Shatter                  Erth           0%         3d5*      100%        9


Dungeon Overview and Level Annotations

Branches:
Dungeon (15/15)            Temple (0/1) D:6            Lair (5/5) D:8
  Swamp (4/4) Lair:2        Snake (4/4) Lair:3        Slime (0/5) Lair:5
    Orc (2/2) D:12            Elf (3/3) Orc:2        Vaults (5/5) D:14
  Crypt (0/3) Vaults:2     Depths (4/4) D:15            Zot (5/5) Depths:4
  IceCv (visited)         Volcano (visited)

Altars:
Ashenzari
Dithmenos
Elyvilon
Hepliaklqana
Zin
Jiyva

Shops:
D:6 !   D:13 [   Orc:2 (([(   Elf:3 [   Snake:1 ==(   Snake:3 =?:   Vaults:1 [
Depths:2 !!??

Portals:
Hell: Depths:1 Depths:2 Depths:3 Depths:4
Abyss: Depths:3
Pandemonium: Depths:2
Ziggurat: Depths:2

Annotations:
D:4 exclusion: ogre
Swamp:1 exclusion: oklob plant
Vaults:2 2 transporters, Zgarb's ghost, adept DrSh
Depths:4 exclusions: 3 draconian stormcallers and sensed monster (detected)
Abyss:1 Gastronok


Innate Abilities, Weirdness & Mutations

Your serpentine skin is tough. (AC +8)
You have supernaturally acute eyesight. (SInv)
Armour fits poorly on your strangely shaped body.
Your system is resistant to poisons. (rPois)
You cover ground very slowly.
You can spit poison.
You can use your snake-like lower body to constrict enemies.
Your tail ends in a venomous barb.
You are partially covered in large bone plates. (SH +4)
You sometimes lose your temper in combat.
You are very clumsy. (Dex -4)
You are very frail. (-20% HP)
Your magical capacity is low. (-10% MP)
You are strong-willed. (Will+)
You are often teleported next to monsters.
Your spells are easier to cast, but less powerful.


Message History

(D) Dungeon (T) Temple (L) Lair (S) Swamp (P) Snake Pit (M) Slime Pits (O) Orcish Mines (E) Elven Halls (V) Vaults (C) Crypt (U) Depths (H) Hell (Z) Zot
Where to? (Tab/Enter - D:1 @ (x,y), ? - help)
What level of the Dungeon? (default 1, ? - help)
You see here a +0 leather armour.
A sixfirhy comes into view.
You hear a grinding noise.
Unknown command.
Okay, then.
Unknown command.
You feel very mighty all of a sudden.
You hear a grinding noise.
An orange demon comes into view.
A cacodemon comes into view.
The orange demon screeches!
A sixfirhy comes into view.
The sixfirhy moves out of view.
You miss the sixfirhy. Your grab misses the sixfirhy.
You block the orange demon's attack. You block the sixfirhy's attack.
You barely miss the sixfirhy. You grab the sixfirhy.
You constrict the sixfirhy.
The sixfirhy hits you but does no damage.
You block the sixfirhy's attack. You block the orange demon's attack.
You block the sixfirhy's attack.
Unknown command.
You release your grip on the sixfirhy.
You block the sixfirhy's attack. x2
The sixfirhy hits you but does no damage. x2
You block the sixfirhy's attack.
The orange demon stings you but does no damage.
The orange demon barely misses you.
The cacodemon hits you but does no damage.
The cacodemon closely misses you.
Unknown command.
You slice the cacodemon!! You grab the cacodemon.
The cacodemon is moderately wounded.
You hit the orange demon. You slash the sixfirhy! You hit the sixfirhy.
You constrict the cacodemon. You block the sixfirhy's attack. x3
The cacodemon gestures at you.
Strange energies course through your body.
You feel a little pissed off. You block the orange demon's attack.
The orange demon hits you.
You slash the cacodemon!
The cacodemon is heavily wounded.
You miss the sixfirhy. You barely miss the sixfirhy.
You slice the orange demon!!
You constrict the cacodemon, but do no damage.
You block the sixfirhy's attack. x2; The sixfirhy misses you.
You slash the cacodemon!
The cacodemon is severely wounded.
You slash the sixfirhy! You miss the sixfirhy. You slash the orange demon!
You constrict the cacodemon. You block the orange demon's attack. x2
You block the cacodemon's attack.
The cacodemon hits you but does no damage.
A chaos spawn comes into view.
You slice the cacodemon!!
The cacodemon is almost dead.
You slice the orange demon!!
You kill the orange demon!
You closely miss the sixfirhy. You miss the sixfirhy.
You constrict the cacodemon.
You kill the cacodemon!
You block the sixfirhy's attack. x2
You slice the sixfirhy!!
You kill the sixfirhy!
You slash the chaos spawn! You slice the sixfirhy!! You slash the sixfirhy!
You kill the sixfirhy!
You slash the chaos spawn! You block the chaos spawn's attack.
You barely miss the chaos spawn. You grab the chaos spawn.
The chaos spawn is severely wounded.
You constrict the chaos spawn. You block the chaos spawn's attack.
You slash the chaos spawn!
You kill the chaos spawn!
The chaos spawn degenerates into a cloud of primal chaos!
No target in view!
No target in view!
Unknown command.
(D) Dungeon (T) Temple (L) Lair (S) Swamp (P) Snake Pit (M) Slime Pits (O) Orcish Mines (E) Elven Halls (V) Vaults (C) Crypt (U) Depths (H) Hell (Z) Zot
Where to? (Tab/Enter - D:1 @ (x,y), ? - help)
What level of the Dungeon? (default 1, ? - help)
There is a stone staircase leading up here.
You climb upwards.
Level annotation: exclusion: ogre
There is a stone staircase leading down here.
Things that are here:
a +0 robe; a +0 dagger HP restored.
You feel a little less mighty now.
There is a stone staircase leading up here.
You climb upwards.
There is a stone staircase leading down here.
There is a stone staircase leading up here.
You climb upwards.
There is a stone staircase leading down here.
There is a stone staircase leading up here.
You climb upwards.
There is a stone staircase leading down here.
There is an open door here.
You sense a monster nearby.
Unknown command.
Unknown command.
There is a staircase leading out of the dungeon here.
Enter note: gg You have escaped!

#####)#######.#
#........####.#
#.####.....##.#
#########.# #.......#.#
#.........###.......#.#
#.####.##...#).{.......
#.####.####.#.#.###.#..
#.#≈≈§.§≈≈#.#.#.###.#..
#.+.≈§≈§≈.+{#.#..)).#..
#.#≈.§.§.≈#.#.####..###
#.#§§.@.≈≈#.....#...#
#.#≈..§§§≈###.#.#...#
#.'.≈≈§≈≈.'...#.#...###
###§≈§.§≈≈#.#.#.#.#....
####.######.#.#.#####
#>..................
#.####.....#.#.#####
#.# #...#.#+#.#
#.########.....#
#.....# #.....#
#######.# #(....#


There were no monsters in sight!

Vanquished Creatures
  3 dread liches
  3 ancient liches
  5 orbs of fire (Zot:5)
  Boris (Vaults:3)
  Margery (Vaults:3)
  A caustic shrike (Depths:3)
  Saint Roka (Vaults:1)
  2 Killer Klowns (Zot:5)
  Bai Suzhen (Vaults:2)
  Xtahua (Vaults:4)
  A caustic shrike (shapeshifter) (Zot:1)
  8 golden dragons
  4 electric golems
  A Brimstone Fiend (D:6)
  Zenata (Vaults:1)
  12 tentacled monstrosities
  A deep elf blademaster (Elf:3)
  A lich (Depths:3)
  A titan (shapeshifter) (Zot:1)
  A titan (Vaults:5)
  24 Orb Guardians
  3 quicksilver dragons
  6 sphinxes
  2 Executioners
  A deep elf master archer (Elf:3)
  6 death cobs
  A tentacled starspawn (Abyss:2)
  5 shadow dragons
  5 thorn hunters
  4 storm dragons
  4 draconian monks
  5 tengu reavers (Vaults:5)
  3 draconian knights
  An azure jelly (shapeshifter) (Zot:1)
  3 nagarajas (Snake:4)
  A frost giant (shapeshifter) (Zot:1)
  A fire giant (shapeshifter) (Zot:1)
  9 frost giants
  4 ghost moths
  4 draconian shifters
  An iron dragon (Depths:3)
  4 fire giants
  5 draconian scorchers
  22 vault wardens
  A balrug (Depths:2)
  3 deep elf elementalists (Elf:3)
  4 draconian stormcallers
  5 deep elf sorcerers
  An iron dragon (shapeshifter) (Zot:1)
  2 spriggan defenders (Depths:3)
  24 ironbound preservers
  2 orc warlords
  6 draconian annihilators
  5 ironbound thunderhulks
  8 war gargoyles
  10 green draconians
  A cacodemon (D:5)
  13 very ugly things
  The ghost of Obroguc the Jinx, a journeyman DsEn of Dithmenos (Lair:5)
  A demonspawn blood saint (Zot:1)
  9 stone giants
  2 formless jellyfish (Vaults:4)
  2 vampire knights
  An eleionoma (shapeshifter) (Zot:1)
  3 eleionomae
  8 deep elf annihilators
  Nessos (Orc:2)
  A bunyip (Swamp:2)
  10 dire elephants
  7 deep elf demonologists
  10 white draconians
  5 black draconians
  4 purple draconians
  7 red draconians
  6 yellow draconians
  4 spark wasps
  6 ettins
  A blizzard demon (Depths:4)
  2 deep elf death magi (Elf:3)
  2 crystal guardians (Vaults:4)
  2 shambling mangroves (Swamp:4)
  3 entropy weavers
  6 fire dragons
  11 yaktaur captains
  Erolcha (D:10)
  5 deep elf high priests
  16 hydras
  3 salamander tyrants
  6 ice dragons
  Harold (Abyss:2)
  5 rakshasas
  7 centaur warriors
  6 great orbs of eyes
  10 ironbound frosthearts
  A juggernaut simulacrum (Depths:2)
  6 peacekeepers
  36 vault guards
  A catoblepas (shapeshifter) (Zot:1)
  7 anacondas
  2 ogre magi (Vaults:5)
  2 spriggan air magi
  9 alligators
  3 boulder beetles
  16 naga warriors
  A two-headed ogre (shapeshifter) (Vaults:5)
  27 dancing weapons
  5 deep troll shamans
  8 death yaks
  A death knight (D:14)
  A sphinx skeleton (Depths:2)
  2 occultists
  14 naga sharpshooters
  2 orc high priests (Orc:2)
  9 deep troll earth magi
  A spriggan berserker (Depths:3)
  A tengu warrior (Depths:4)
  2 shock serpents (shapeshifter)
  Amaemon (D:9)
  12 hell knights
  8 shock serpents
  8 deep elf knights
  A sun demon (Depths:3)
  A wretched star (Abyss:2)
  10 salamander mystics
  2 skysharks
  2 iron trolls (Depths:1)
  3 sixfirhies
  A goliath frog (Swamp:2)
  3 glowing orange brains
  3 spriggan druids
  5 naga ritualists
  2 flayed ghosts
  5 sea snakes (Snake:3)
  55 deep trolls
  12 swamp dragons
  5 phantasmal warriors
  An obsidian statue (Vaults:4)
  6 bog bodies
  9 deep elf archers
  8 arcanists
  An orange crystal statue (Zot:5)
  Pikel (D:5)
  20 ironbound convokers
  4 necromancers
  24 deep elf pyromancers
  19 deep elf zephyrmancers
  4 orc sorcerers
  19 ugly things
  4 harpies (Vaults:1)
  17 lindwurms
  9 orc knights
  3 manticores
  3 cyclopes
  20 mana vipers
  2 fauns (shapeshifter)
  A will-o-the-wisp (Swamp:4)
  19 moths of wrath
  33 salamanders
  A salamander (shapeshifter) (Vaults:5)
  Joseph (D:7)
  A tengu skeleton (Depths:1)
  An ice statue (IceCv)
  34 black mambas
  A molten gargoyle (Depths:2)
  13 guardian serpents
  2 smoke demons (Abyss:2)
  5 elephants (Lair:4)
  A guardian serpent (shapeshifter) (Elf:3)
  21 naga magi
  10 large abominations (Abyss:2)
  2 orange demons
  5 torpor snails (Lair:5)
  28 vault sentinels
  2 gargoyles (D:13)
  11 cane toads
  7 komodo dragons
  7 rime drakes
  A hellion (Abyss:2)
  A kobold demonologist (D:11)
  A tormentor (Elf:3)
  An efreet (D:14)
  An unseen horror (D:11)
  3 tengu conjurers
  A komodo dragon (shapeshifter) (D:14)
  4 freezing wraiths
  26 yaktaurs
  9 trolls
  12 tyrant leeches
  A hellwing (Abyss:2)
  3 polar bears
  14 hornets
  7 blink frogs
  A dream sheep (shapeshifter) (Vaults:5)
  7 dream sheep
  An ettin zombie (Depths:1)
  8 water elementals
  2 culicivoras (shapeshifter)
  25 slime creatures
  2 air elementals (Elf:2)
  A centaur simulacrum (D:15)
  12 spriggans
  A jumping spider (shapeshifter) (Elf:1)
  A ynoxinul (Abyss:2)
  3 vampires (Vaults:2)
  37 yaks
  2 wyverns
  5 basilisks
  A small abomination (Abyss:2)
  5 wraiths
  A redback (shapeshifter) (Vaults:3)
  2 golden eyes
  3 fire elementals (Elf:1)
  5 neqoxecs (Abyss:2)
  8 redbacks
  4 steam dragons
  23 vampire mosquitoes
  3 chaos spawn
  Menkaure (D:4)
  16 swamp worms
  4 wargs
  51 nagas
  A glowing shapeshifter zombie (Depths:2)
  An acid dragon (D:12)
  19 water moccasins
  2 hell hounds (Lair:2)
  A meliai simulacrum (D:12)
  Duvessa (D:5)
  A black bear (Abyss:2)
  A black bear (shapeshifter) (Vaults:5)
  39 orc warriors
  2 swamp drakes
  3 ice beasts
  8 ogres
  A boggart (Vaults:3)
  23 wolves
  5 centaurs
  A lemure (D:5)
  2 phantoms
  4 kobold brigands
  7 bullfrogs
  A scorpion (D:6)
  Blork the orc (D:4)
  4 earth elementals
  2 gnoll sergeants (D:9)
  5 wights
  Dowan (D:5)
  A lindwurm simulacrum (IceCv)
  7 killer bees
  2 howler monkeys
  4 electric eels
  7 komodo dragon simulacra (IceCv)
  A quasit (Abyss:2)
  2 gnoll boudas (D:9)
  6 jellies
  22 orc priests
  3 hounds
  2 sleepcaps (D:6)
  5 iguanas
  39 orc wizards
  2 hell rats (D:8)
  A boggart simulacrum (D:12)
  Robin (D:4)
  22 gnolls
  5 acid dragon simulacra (IceCv)
  12 adders
  5 river rats (D:8)
  A shadow imp (D:6)
  7 steam dragon simulacra (IceCv)
  A worm (D:2)
  4 dart slugs
  140 orcs
  2 ball pythons (D:3)
  11 endoplasms
  4 giant cockroaches
  9 goblins
  12 hobgoblins
  6 jackals
  21 kobolds
  6 quokkas
  13 bats
  2 frilled lizards (D:2)
  22 rats
1976 creatures vanquished.

Vanquished Creatures (collateral kills)
  2 orbs of fire (Zot:5)
  A Killer Klown (Zot:5)
  A quicksilver dragon (Zot:5)
  2 Orb Guardians (Zot:5)
  A deep elf blademaster (Elf:2)
  A moth of wrath (Zot:5)
8 creatures vanquished.

Vanquished Creatures (others)
  Vashnia (Snake:2)
  A draconian knight (Zot:3)
  A draconian annihilator (Zot:1)
  A green draconian (Zot:1)
  A spriggan (Swamp:4)
  A deep elf knight (Elf:1)
  A spark wasp zombie (Depths:1)
  2 deep elf zephyrmancers (Elf:1)
  A mana viper (Snake:4)
  A salamander (Snake:3)
  3 bloated husks (Swamp:4)
  A hornet (Swamp:4)
  A slime creature (Vaults:2)
  2 small abominations (Abyss:2)
  A swamp drake (Swamp:4)
  An orc (Orc:2)
  8 foxfires (Swamp:4)
  3 lurking horrors (Abyss:2)
  3 starspawn tentacles (Abyss:2)
34 creatures vanquished.

Grand Total: 2018 creatures vanquished

Notes
Turn   | Place    | Note
-------+----------+-------------------------------------------
     0 | D:1      | Flugkiller the Naga Hunter began the quest for the Orb.
     0 | D:1      | Reached XP level 1. HP: 19/19 MP: 1/1
   257 | D:1      | Reached XP level 2. HP: 26/26 MP: 2/2
   362 | D:1      | Found a faded altar of an unknown god.
   433 | D:1      | Prayed at the altar of an unknown god.
   433 | D:1      | Became a worshipper of Ashenzari the Shackled
   763 | D:2      | Reached XP level 3. HP: 26/33 MP: 3/3
  1559 | D:3      | Reached * piety under Ashenzari
  1559 | D:3      | Identified a scroll of acquirement
  1607 | D:3      | Reached XP level 4. HP: 42/42 MP: 4/4
  1844 | D:3      | Reached ** piety under Ashenzari
  1894 | D:3      | Noticed a phantom
  1904 | D:3      | Acquired a +1 lajatang of distortion
  1911 | D:3      | Killed a phantom
  1912 | D:3      | Reached XP level 5. HP: 20/52 MP: 5/5
  2955 | D:4      | Reached XP level 6. HP: 61/61 MP: 6/6
  3298 | D:4      | Noticed Blork the orc
  3345 | D:4      | Identified the cursed +2 helmet of the Prophetic Ordeal
                  | {Cun, Fort} (You found it on level 3 of the Dungeon)
  3345 | D:4      | Identified the cursed +0 leather armour "Prophetic
                  | Jealousy" {Cun, Alch}
  3345 | D:4      | Identified the cursed ring of Ashenzari's Regret {MP+9,
                  | Cun, Self} (You found it on level 1 of the Dungeon)
  3345 | D:4      | Identified the cursed ring of Ashenzari's Fallacy {Fly,
                  | Self, Dev} (You found it on level 2 of the Dungeon)
  3601 | D:4      | Noticed Robin
  3607 | D:4      | Reached skill level 5 in Staves
  3610 | D:4      | Reached XP level 7. HP: 67/67 MP: 7/7
  3617 | D:4      | Killed Robin
  4138 | D:4      | Noticed Menkaure
  4335 | D:4      | Reached skill level 1 in Armour
  4529 | D:4      | Killed Blork the orc
  4556 | D:4      | Killed Menkaure
  4676 | D:4      | Reached XP level 8. HP: 71/74 MP: 8/8
  4809 | D:5      | Entered Level 5 of the Dungeon
  5063 | D:5      | Found a broken altar of Ashenzari.
  5136 | D:5      | Noticed Pikel
  5216 | D:5      | Killed Pikel
  5364 | D:5      | Noticed Duvessa
  5371 | D:5      | Noticed Dowan
  5372 | D:5      | Killed Duvessa
  5373 | D:5      | Reached XP level 9. HP: 78/81 MP: 9/9
  5376 | D:5      | Killed Dowan
  6045 | D:6      | Reached skill level 5 in Fighting
  6199 | D:6      | Found Zipegeoc's Distillery.
  6203 | D:6      | Bought a potion of heal wounds for 70 gold pieces
  6203 | D:6      | Bought a potion of heal wounds for 70 gold pieces
  6251 | D:6      | Found a glowing silver altar of Zin.
  6716 | D:6      | Found a staircase to the Ecumenical Temple.
  7284 | D:7      | Noticed Joseph
  7318 | D:7      | Killed Joseph
  7319 | D:7      | Reached XP level 10. HP: 39/97 MP: 10/10
  7599 | D:7      | Reached skill level 5 in Dodging
  7961 | D:8      | Reached skill level 5 in Evocations
  8023 | D:8      | Found a staircase to the Lair.
  9076 | D:9      | Noticed an orange demon
  9081 | D:9      | Noticed Amaemon
  9094 | D:9      | Killed an orange demon
  9141 | D:9      | Killed Amaemon
  9142 | D:9      | Reached skill level 5 in Armour
  9142 | D:9      | Reached XP level 11. HP: 59/106 MP: 11/11
  9716 | D:9      | Noticed Gastronok
  9753 | D:9      | Banished Gastronok
 10078 | D:10     | Entered Level 10 of the Dungeon
 10279 | D:10     | Reached skill level 10 in Staves
 10726 | D:10     | Found a hazy altar of Hepliaklqana.
 10895 | D:10     | Noticed Erolcha
 10900 | D:10     | Killed Erolcha
 11091 | D:11     | Identified the +6 sling of Dismemberment {antimagic, Drain
                  | rC++}
 11205 | D:11     | Reached skill level 10 in Fighting
 11264 | D:11     | Noticed Sonja
 11266 | D:11     | Sonja changed into Sonja the golden eye
 11266 | D:11     | Noticed Sonja
 11374 | D:11     | Killed Sonja the golden eye
 11508 | D:11     | Noticed a green ugly thing
 11517 | D:11     | Killed a green ugly thing
 12082 | D:14     | Identified the "Bilagget"
 12082 | Lair:1   | Entered Level 1 of the Lair of Beasts
 12369 | Lair:1   | Noticed a boulder beetle
 12380 | Lair:1   | Killed a boulder beetle
 12381 | Lair:1   | Reached XP level 12. HP: 92/116 MP: 12/12
 12507 | Lair:1   | You fall into a shaft and drop 1 floor!
 12595 | Lair:2   | Found a dark tunnel.
 12689 | Volcano  | Entered a volcano
 12827 | Volcano  | Found a burning altar of Makhleb.
 12828 | Volcano  | Noticed a red draconian
 13376 | Volcano  | Found the +3 pair of mountain boots {steadfast, rC+}
 13386 | Volcano  | Killed a red draconian
 13659 | Lair:2   | Acquired a manual of Evocations
 13901 | Lair:2   | Noticed a skyshark
 13917 | Lair:2   | Killed a skyshark
 14338 | Lair:2   | Found a staircase to the Swamp.
 14411 | Lair:2   | Reached skill level 10 in Evocations
 14411 | Lair:2   | Gained mutation: You can use your snake-like lower body to
                  | constrict enemies. [Naga growth]
 14411 | Lair:2   | Reached XP level 13. HP: 120/127 MP: 13/13
 14784 | Lair:1   | Noticed Harold
 14789 | Lair:1   | Banished Harold
 15711 | Lair:3   | Identified the +1 leather armour of Disappointment {-Cast
                  | +Blink rPois Stlth-}
 15972 | Lair:3   | Found a staircase to the Snake Pit.
 16977 | Lair:4   | Reached XP level 14. HP: 83/141 MP: 14/14
 17007 | Lair:4   | Reached *** piety under Ashenzari
 17527 | Lair:5   | Entered Level 5 of the Lair of Beasts
 17548 | Lair:4   | Reached **** piety under Ashenzari
 17674 | Lair:4   | Reached skill level 5 in Stealth
 18010 | Lair:5   | Found the +8 demon blade "Leech" {evervamp, Harm Drain rN+}
 18094 | Lair:5   | Found a viscous altar of Jiyva.
 18095 | Lair:5   | Found a staircase to the Slime Pits.
 18228 | Lair:5   | Found a large runed translucent door.
 18230 | Lair:5   | Found a large runed translucent door.
 18233 | Lair:5   | Noticed Obroguc's ghost (journeyman DsEn)
 18610 | Lair:5   | Found a runed translucent door.
 19331 | Lair:5   | Killed Obroguc's ghost
 19338 | Lair:5   | Learned a level 2 spell: Lesser Beckoning
 19562 | D:12     | Identified the +6 whip "Xeont" {flame, Fragile Int+8}
 19653 | D:12     | Reached skill level 1 in Translocations
 19665 | D:12     | Found a frozen archway.
 19765 | IceCv    | Entered an ice cave
 20540 | IceCv    | Found the ring of the Octopus King {HP+2 MP+9 AC+2 EV+2
                  | SH+2}
 20540 | IceCv    | Found the ring of the Octopus King {HP+2 MP+9 AC+2 EV+2
                  | SH+2}
 20844 | D:12     | Reached skill level 5 in Translocations
 21026 | D:12     | Found a staircase to the Orcish Mines.
 21312 | D:13     | Reached XP level 15. HP: 142/157 MP: 16/16
 21428 | D:13     | Found Nafyrph's Antique Armour Shop.
 22288 | D:14     | Found a gate to the Vaults.
 22741 | D:15     | Entered Level 15 of the Dungeon
 22818 | D:15     | Found a staircase to the Depths.
 23629 | Orc:1    | Entered Level 1 of the Orcish Mines
 24124 | Orc:2    | Entered Level 2 of the Orcish Mines
 24154 | Orc:2    | Reached skill level 15 in Evocations
 24211 | Orc:2    | Noticed Nessos
 24226 | Orc:2    | Killed Nessos
 24391 | Orc:2    | Found a staircase to the Elven Halls.
 24509 | Orc:2    | Found Munlah's Antique Weapon Shoppe.
 24573 | Orc:2    | Noticed an orc warlord
 24589 | Orc:2    | Killed an orc warlord
 24590 | Orc:2    | Reached skill level 10 in Dodging
 24705 | Orc:2    | Found Eplalaeq's Antique Weapon Boutique.
 24709 | Orc:2    | Found Fagor's Antique Armour Shop.
 24860 | Orc:2    | Found Enoikk's Weapon Shoppe.
 25062 | Orc:2    | Learned a level 2 spell: Blink
 25645 | Snake:1  | Identified the "Feken"
 25645 | Snake:1  | Entered Level 1 of the Snake Pit
 25784 | Snake:1  | Reached XP level 16. HP: 164/165 MP: 14/17
 25810 | Snake:1  | Found a transporter.
 25810 | Snake:1  | Found Pitac's Antique Weapon Boutique.
 25924 | Snake:1  | Found a transporter.
 26264 | Snake:1  | Found Laled's Book Shoppe.
 26264 | Snake:1  | Found Gaas's Jewellery Boutique.
 26265 | Snake:1  | Found Meovem's Jewellery Boutique.
 26812 | Orc:2    | Bought a glowing broad axe for 231 gold pieces
 27114 | Snake:2  | Reached skill level 10 in Armour
 27334 | Snake:2  | Noticed Vashnia
 27362 | Snake:2  | Killed Vashnia
 27363 | Snake:2  | pew
 27363 | Snake:2  | phew
 27367 | Snake:2  | also pew
 28554 | Snake:3  | Found Toqyo's Book Emporium.
 28635 | Snake:3  | Found Fachaeph's Magic Scroll Boutique.
 28923 | Snake:3  | Found Ybbiss's Jewellery Emporium.
 28976 | Snake:3  | Reached skill level 15 in Fighting
 29119 | Snake:3  | Reached XP level 17. HP: 169/175 MP: 18/18
 29721 | Vaults:3 | Identified the of Osauply
 29721 | Crypt:3  | Identified the of Uggyd
 29721 | Elf:1    | Identified the of Arurimea
 29721 | Elf:1    | Entered Level 1 of the Elven Halls
 29835 | Elf:2    | Paralysed by an air elemental for 1 turns
 29843 | Elf:2    | Paralysed by an air elemental for 1 turns
 30042 | Elf:2    | Reached skill level 1 in Axes
 30044 | Elf:2    | Found a runed translucent gate.
 30044 | Elf:2    | Found a runed translucent gate.
 30044 | Elf:2    | Found a runed translucent gate.
 30099 | Elf:2    | Noticed a deep elf blademaster
 30123 | Elf:2    | Killed a deep elf blademaster
 30298 | Elf:2    | Reached skill level 5 in Axes
 30706 | D:13     | Bought the +10 tower shield of Ignorance {rN+ Int-4} for
                  | 1547 gold pieces
 30706 | D:13     | Found the +10 tower shield of Ignorance {rN+ Int-4}
 30961 | Snake:4  | Entered Level 4 of the Snake Pit
 31091 | Snake:3  | Reached skill level 1 in Shields
 31895 | Snake:4  | Reached XP level 18. HP: 184/186 MP: 16/19
 32157 | Snake:4  | Reached skill level 10 in Axes
 32732 | Snake:4  | Reached skill level 5 in Shields
 33683 | Snake:4  | Got a serpentine rune of Zot
 33918 | Swamp:1  | Entered Level 1 of the Swamp
 35248 | Swamp:3  | Reached XP level 19. HP: 181/193 MP: 20/20
 35815 | Swamp:4  | Entered Level 4 of the Swamp
 36472 | Swamp:4  | Got a decaying rune of Zot
 36529 | Swamp:4  | Reached skill level 10 in Shields
 37047 | Elf:1    | Reached ***** piety under Ashenzari
 37906 | Elf:2    | Paralysed by an air elemental for 1 turns
 37955 | Elf:2    | Paralysed by an air elemental for 1 turns
 37962 | Elf:2    | Paralysed by an air elemental for 1 turns
 38598 | Elf:3    | Entered Level 3 of the Elven Halls
 38821 | Elf:3    | Identified the +8 rapier "Jalor" {spect, Dex+5}
 38860 | Elf:3    | Found Cisi's Armour Boutique.
 39131 | Elf:3    | Noticed an Ice Fiend
 39400 | Abyss:2  | Noticed an ancient lich
 39400 | Abyss:2  | Cast into level 2 of the Abyss (a deep elf sorcerer)
 39417 | Abyss:2  | Killed an ancient lich
 39515 | Abyss:2  | Reached XP level 20. HP: 130/142 MP: 18/21
 39625 | Abyss:2  | Noticed a bone dragon
 39662 | Abyss:2  | Gained mutation: You are vulnerable to heat. (rF-) [a
                  | neqoxec]
 39663 | Abyss:2  | ffs
 40031 | Abyss:2  | Killed Harold
 40039 | Elf:3    | Escaped the Abyss
 40076 | Elf:3    | Lost mutation: You are vulnerable to heat. (rF-) [potion of
                  | mutation]
 40076 | Elf:3    | Gained mutation: You are dopey. (Int -2) [potion of
                  | mutation]
 40076 | Elf:3    | Lost intelligence.
 40076 | Elf:3    | Gained mutation: You are very dopey. (Int -4) [potion of
                  | mutation]
 40080 | Elf:3    | amazing
 40080 | Elf:3    | Lost mutation: You are very dopey. (Int -4) [potion of
                  | mutation]
 40080 | Elf:3    | Lost mutation: You are dopey. (Int -2) [potion of mutation]
 41130 | Vaults:1 | Entered Level 1 of the Vaults
 41277 | Vaults:1 | Identified the +8 plate armour of Weac Jia {rF+}
 41541 | Vaults:1 | Noticed Zenata
 41563 | Vaults:1 | Killed Zenata
 41918 | Vaults:1 | Noticed Saint Roka
 41949 | Vaults:1 | Killed Saint Roka
 42098 | Vaults:1 | Found Himypen's Armour Shoppe.
 42122 | Vaults:1 | Bought the +6 lightning scales {swift, rElec} for 871 gold
                  | pieces
 42122 | Vaults:1 | Found the +6 lightning scales {swift, rElec}
 42616 | Vaults:2 | Noticed Bai Suzhen
 42636 | Vaults:2 | Killed Bai Suzhen
 42658 | Vaults:2 | Reached XP level 21. HP: 197/208 MP: 21/21
 43078 | Vaults:2 | Found a staircase to the Crypt.
 43420 | Vaults:2 | Found a transporter.
 43420 | Vaults:2 | Noticed Zgarb's ghost (adept DrSh)
 43473 | Vaults:2 | Found a transporter.
 44325 | Snake:3  | Bought a scroll of enchant weapon for 105 gold pieces
 44325 | Snake:3  | Bought a scroll of enchant weapon for 105 gold pieces
 44325 | Snake:3  | Bought a scroll of teleportation for 42 gold pieces
 44775 | Vaults:3 | Identified the +2 robe of Plog {rPois Slay+2}
 44806 | Vaults:3 | Noticed Boris
 44834 | Vaults:3 | Killed Boris
 45042 | Vaults:3 | Noticed Margery
 45071 | Vaults:3 | Killed Margery
 45091 | Vaults:3 | Reached skill level 15 in Armour
 45171 | Vaults:3 | Identified the ring "Keosh" {rElec rPois Int+6}
 45280 | Vaults:3 | Reached XP level 22. HP: 223/223 MP: 22/22
 46655 | Vaults:4 | Identified the +1 scale mail "Becetogreg" {Fly rC- rCorr
                  | Int+6}
 46688 | Vaults:4 | Noticed Xtahua
 46718 | Vaults:4 | Killed Xtahua
 47626 | Vaults:5 | Entered Level 5 of the Vaults
 47745 | Vaults:5 | Noticed a golden dragon
 47773 | Vaults:5 | Killed a golden dragon
 47863 | Vaults:5 | Got a silver rune of Zot
 48062 | Vaults:5 | Reached XP level 23. HP: 236/236 MP: 23/23
 48450 | Vaults:5 | Noticed a golden dragon
 48469 | Vaults:5 | Killed a golden dragon
 48658 | Vaults:5 | Noticed a dread lich
 48668 | Vaults:5 | Killed a dread lich
 48769 | Vaults:5 | Identified the +5 scale mail of Qezistra {rElec rC- rN++}
 48793 | Vaults:5 | Gained mutation: You are weak. (Str -2) [a shining eye]
 49139 | Vaults:5 | Identified the +11 whip "Aveet" {freeze, rC++ Int+2}
 49497 | Depths:1 | Entered Level 1 of the Depths
 49522 | Depths:1 | Found a white marble altar of Elyvilon.
 50302 | Depths:1 | Found a gateway to Hell.
 50692 | Depths:2 | Found a one-way gateway to a ziggurat.
 50693 | Depths:2 | Noticed a dread lich
 50707 | Depths:2 | Killed a dread lich
 51046 | Depths:2 | Found Cuifagg's Distillery.
 51059 | Depths:2 | Bought a potion of heal wounds for 80 gold pieces
 51059 | Depths:2 | Bought a potion of heal wounds for 80 gold pieces
 51059 | Depths:2 | Lost mutation: You are weak. (Str -2) [potion of mutation]
 51059 | Depths:2 | Gained mutation: Your body sometimes deteriorates upon
                  | taking damage. [potion of mutation]
 51059 | Depths:2 | Gained mutation: Your body often deteriorates upon taking
                  | damage. [potion of mutation]
 51060 | Depths:2 | Lost mutation: Your body often deteriorates upon taking
                  | damage. [potion of mutation]
 51060 | Depths:2 | Lost mutation: Your body sometimes deteriorates upon taking
                  | damage. [potion of mutation]
 51060 | Depths:2 | Gained mutation: Your flesh is cold resistant. (rC+)
                  | [potion of mutation]
 51060 | Depths:2 | Gained mutation: You expend magic power (3 MP) to
                  | strengthen your wands. [potion of mutation]
 51176 | Depths:2 | Found a one-way gate leading to the halls of Pandemonium.
 51228 | Depths:2 | Found Butwumog's Distillery.
 51236 | Depths:2 | Bought a potion of heal wounds for 65 gold pieces
 51236 | Depths:2 | Bought a potion of heal wounds for 65 gold pieces
 51272 | Depths:2 | Found Kiuxugor's Magic Scroll Emporium.
 51273 | Depths:2 | Identified the +0 chain mail of the Vaults {Int+3}
 51281 | Depths:2 | Found Nudaropp's Magic Scroll Emporium.
 51288 | Depths:2 | Bought a scroll of fog for 96 gold pieces
 51288 | Depths:2 | Bought a scroll of summoning for 228 gold pieces
 51292 | Depths:2 | Bought a scroll of fog for 68 gold pieces
 51292 | Depths:2 | Bought a scroll of teleportation for 51 gold pieces
 51477 | Depths:3 | Identified the +1 scale mail of Kikubaaqudgha's Pride
                  | {Dex+3 SInv}
 51484 | Depths:3 | Noticed a golden dragon
 51506 | Depths:3 | Killed a golden dragon
 51566 | Depths:3 | Identified the +1 scale mail of the Dolphin {Contam rN+
                  | Regen+}
 51653 | Depths:3 | Reached XP level 24. HP: 252/252 MP: 23/23
 51730 | Depths:3 | Found a shadowy altar of Dithmenos.
 51760 | Depths:3 | Reached skill level 15 in Shields
 51777 | Depths:3 | Found a one-way gate to the infinite horrors of the Abyss.
 52337 | Depths:3 | Found the +5 glaive of the Guard {elec, spectral}
 52338 | Depths:3 | Noticed a caustic shrike
 52362 | Depths:3 | Killed a caustic shrike
 52392 | Depths:3 | Identified the +0 ring mail of Unreason {Regen+ Int+3}
 52431 | Depths:4 | Entered Level 4 of the Depths
 52696 | Depths:4 | Found a gate to the Realm of Zot.
 53328 | Zot:1    | Entered Level 1 of the Realm of Zot
 53432 | Zot:1    | a titan changed into a shard shrike
 53432 | Zot:1    | Noticed a shard shrike (glowing shapeshifter)
 53434 | Zot:1    | Noticed a juggernaut
 53437 | Zot:1    | a juggernaut changed into a rockslime
 53438 | Zot:1    | a titan changed into a juggernaut
 53438 | Zot:1    | Noticed a juggernaut (glowing shapeshifter)
 53447 | Zot:1    | an acid blob changed into a caustic shrike
 53447 | Zot:1    | Noticed a caustic shrike (glowing shapeshifter)
 53449 | Zot:1    | Noticed a caustic shrike
 53457 | Zot:1    | Killed a caustic shrike
 53475 | Zot:1    | a rockslime changed into a juggernaut
 53475 | Zot:1    | Noticed a juggernaut (glowing shapeshifter)
 53482 | Zot:1    | a juggernaut changed into a shard shrike
 53482 | Zot:1    | Noticed a shard shrike (glowing shapeshifter)
 53486 | Zot:1    | a shard shrike changed into a titan
 53942 | Zot:1    | Identified the +13 chain mail of Fuem {-Cast Will++ SInv}
 55347 | Zot:3    | Reached XP level 25. HP: 253/267 MP: 9/24
 56566 | Zot:5    | Entered Level 5 of the Realm of Zot
 57335 | Zot:5    | Noticed an ancient lich
 57348 | Zot:5    | Killed an ancient lich
 57365 | Zot:5    | Noticed an orb of fire
 57396 | Zot:5    | Killed an orb of fire
 57408 | Zot:5    | Noticed an ancient lich
 57408 | Zot:5    | Noticed a Killer Klown
 57408 | Zot:5    | Noticed an orb of fire
 57416 | Zot:5    | Noticed a Killer Klown
 57416 | Zot:5    | Noticed a dread lich
 57420 | Zot:5    | Gained mutation: Your magical capacity is low. (-10% MP)
                  | [an orb of fire]
 57421 | Zot:5    | Gained mutation: You have hidden genetic defects. [an orb
                  | of fire]
 57429 | Zot:5    | Gained mutation: You are partially covered in large bone
                  | plates. (SH +4) [an orb of fire]
 57442 | Zot:5    | Killed an orb of fire
 57444 | Zot:5    | Killed an ancient lich
 57457 | Zot:5    | Killed a Killer Klown
 57462 | Zot:5    | Killed a dread lich
 57502 | Zot:5    | stupid pie
 57502 | Zot:5    | Identified the cursed +7 broad axe of Ashenzari's
                  | Stickiness {vamp, Melee, Self} (You took it off a vault
                  | guard on level 2 of the Vaults)
 57502 | Zot:5    | Identified the cursed +2 cloak "Circumscribed Omen" {rCorr,
                  | Alch, Bglg} (You took it off a draconian shifter on level 2
                  | of the Realm of Zot)
 57502 | Zot:5    | Identified the cursed +2 pair of gloves of the Eternal
                  | Ether {Dev, Melee} (You found it on level 13 of the
                  | Dungeon)
 57502 | Zot:5    | Identified the cursed ring of Ashenzari's Visionary {EV+5,
                  | Melee, Fort} (You found it on level 8 of the Dungeon)
 57508 | Zot:5    | Killed a Killer Klown
 57529 | Zot:5    | Noticed an orb of fire
 57532 | Zot:5    | Noticed an orb of fire
 57539 | Zot:5    | Gained mutation: You are occasionally teleported next to
                  | monsters. [an orb of fire]
 57548 | Zot:5    | Gained mutation: Your spells are a little easier to cast,
                  | but a little less powerful. [an orb of fire]
 57552 | Zot:5    | Killed an orb of fire
 57555 | Zot:5    | Gained mutation: You are often teleported next to monsters.
                  | [an orb of fire]
 57562 | Zot:5    | Gained mutation: Potions are less effective at restoring
                  | your health. [an orb of fire]
 57566 | Zot:5    | Killed an orb of fire
 57593 | Zot:5    | Gained mutation: Your spells are easier to cast, but less
                  | powerful. [hidden defects]
 57595 | Zot:5    | Noticed an orb of fire
 57603 | Zot:5    | Noticed a Killer Klown
 57604 | Zot:5    | Killed an orb of fire
 57605 | Zot:5    | Noticed an orb of fire
 57609 | Zot:5    | Killed a Killer Klown
 57617 | Zot:5    | Killed an orb of fire
 57618 | Zot:5    | Reached XP level 26. HP: 239/277 MP: 14/22
 57633 | Zot:5    | Noticed an orb of fire
 57652 | Zot:5    | Gained mutation: You are vulnerable to heat. (rF-) [an orb
                  | of fire]
 57655 | Zot:5    | Gained mutation: You are frail. (-10% HP) [an orb of fire]
 57657 | Zot:5    | Gained mutation: You are very frail. (-20% HP) [an orb of
                  | fire]
 57660 | Zot:5    | Gained mutation: You are clumsy. (Dex -2) [an orb of fire]
 57663 | Zot:5    | Killed an orb of fire
 57794 | Zot:5    | Identified the +0 scale mail of Muttered Phrases {rC+ rN+}
 57989 | Zot:5    | Lost mutation: Your flesh is cold resistant. (rC+) [potion
                  | of mutation]
 57989 | Zot:5    | Lost mutation: Potions are less effective at restoring your
                  | health. [potion of mutation]
 57990 | Zot:5    | Lost mutation: You are vulnerable to heat. (rF-) [potion of
                  | mutation]
 57990 | Zot:5    | Lost mutation: You are very frail. (-20% HP) [potion of
                  | mutation]
 57990 | Zot:5    | Gained mutation: You are very clumsy. (Dex -4) [potion of
                  | mutation]
 57990 | Zot:5    | Gained mutation: You are strong-willed. (Will+) [potion of
                  | mutation]
 57990 | Zot:5    | Lost mutation: You expend magic power (3 MP) to strengthen
                  | your wands. [potion of mutation]
 57990 | Zot:5    | Gained mutation: Your tail ends in a venomous barb. [potion
                  | of mutation]
 58022 | Zot:5    | Got the Orb of Zot
 58399 | D:15     | Gained mutation: You are very frail. (-20% HP) [hidden
                  | defects]
 58399 | D:15     | Lost mutation: You have hidden genetic defects. [hidden
                  | defects expressed]
 58588 | D:6      | Noticed a seraph
 58627 | D:5      | Gained mutation: You sometimes lose your temper in combat.
                  | [a cacodemon]
 58720 | D:1      | gg
 58721 | D:$      | Escaped with the Orb!

Illustrated notes ###### .....## ......##### *#######* ....[.....#######......., .......##..............,, ...)...#..............,,, .......#..........###**** .......#........@.# .......#..#######)# .......#..# *N#*** .......#..# *..,,* .......#..# *##.,* ...#####,,* *..* ....####.,*********,.#*** .........,,,,,,,,,,,.N,,, )........,,,,,,,,,,,,,,,, .....###**, #....# ** Turn 27363 on Snake:2: pew ####### #.....## .......##### *#######* .....[.....#######......., ........##..............,, ....)...#..............,,, ........#..........###**** ........#.......@..# ........#..#######)# ........#..# *.#*** ........#..# *..,,* ........#..# *##.,* ....#####,,* *{.* .....####.,*********,N#*** ..........,,,,,,,,,,,..,,, .)........,,,,,,,,,,,,,,,, #.....###**, ##....# ** Turn 27367 on Snake:2: also pew * ****,,*,,,,,,,,,, **********,,,,,,..#, ,,,******, ,,,.,.., **,**,***,,,,,{...., * **,**,* **,,,,{.##., ,,,,,,* ****YexY#>*, **,**∆* *****Do{,*, **,***########*****, *,~,* #.35@.##****,, * **,***##3#####*,***, * **,**,*#°#*∆**,*,*** ~,3≈.{≈.{{{..#****,* #.* q*#{##,#***,,, *,*#**#.#*∆#*,{,*,, *,~,∆**.≈,* **,,**,, *******#5##****,,*_, *,*#5#*,***,,**, **** ~,. .,~, **, , *, * *.**,** ** Turn 39663 on Abyss:2: ffs ..#.....#.#.##.# #.##....##..#... ..#..(....#.##.###.##............ #####...#.#......#.####.###...### ## #####.#).....#.(....# #...# # .# ###....<.....#### #...# # .# ######......##..# #...# # .# #.......[...##..# #...# # .# #.......##.#....######...### ######.............#............) ..............#.#................ ######.......##.@...............) .# #.......####.#########...##[ .# #...)...##......# ###...### .# #...######.#.##.# ##.....# # ## ##..### ##########.###..### #~~# ##.## ##.... #~~# #.## ##.## ******#~~#***********### ##.# ,,,∆{*#..#*{,,,,,,∆{* #.. ,,,∆∆*#..#*∆,,,,,{∆,*### ##.. ,,,∆∆*#..#*∆,,,,,,∆,*#.## ##.## Turn 40080 on Elf:3: amazing

▓▓.............,,,,,,,,,,,,^,,,,,
▓...........^..,,,,,,,,*,,,^,,,,,
..^..)........L,,,,,,{,**,^,,,,,,
......9..X.....,,{,,,^,***,^^,,,,
...............,,,,{,,,* ********
...............,,^{,,,**
▓(......{...{^.,,,,,***
▓▓...1..p.§..p^,{****
▓▓...Ly##▓▓▓▓▓▓▓▓▓▓▓#
##....(yX.......§)...###
#.......^......^h##....##
...............^..###...#########
...................###...........
............p......# ##..........
..........§...9....# #..........
..............?....# ##.........
...................# #.........
...................# ##.........
....^.............## #..........
#...............^## ##..........
*#..............## #.^.........


Turn 57502 on Zot:5: stupid pie #####)#######.# #........####.# #.####.....##.#
#########.# #.......#.# #.........###.......#.# #.####.##...#).{.......
#.####.####.#.#.###.#.. #.#§§§.≈≈≈#.#.#.###.#.. #.+§≈≈§≈≈.+.#.#..)).#..
#.#≈.....≈#.#.####..### #.#§§.@.§≈#{....#...# #.#≈.....≈###.#.#...#
#.'.≈≈≈§§.'...#.#...### ###§≈§.≈≈≈#.#.#.#.#.... ####.######.#.#.#####
#>.................. #.####.....#.#.##### #.# #...#.#+#.# #.########.....#
#.....# #.....# #######.# #(....# Turn 58720 on D:1: gg

Levels and vault maps discovered:
D:1:      ncdulo_lavacross, layout_basic, dreamdust_ecumenical_altar_statues
D:2:      layout_loops_ring
D:3:      minmay_recursive_quarters, layout_basic,
          hangedman_abyss_or_decor_lesser_grid
D:4:      layout_loops_corners, uniq_blork_the_orc, uniq_robin, uniq_menkaure
D:5:      layout_loops_ring, cheibrodos_ashenzari_chains, uniq_pikel,
          uniq_duvessa
D:6:      cheibrodos_steamvent, layout_basic,
          mainiacjoe_overflow_surrounded_room, minmay_temple_entry_hall,
          serial_shops, nicolae_shop_back_alley_shop
D:7:      layout_cave_pools, kennysheep_cluttered_room,
          kennysheep_decorative_pillar, uniq_joseph
D:8:      lemuel_ratsnest, layout_basic, lair_entry_dummy,
          wad_floor_pattern_untrapped
D:9:      layout_basic, grunt_ministairs_10, uniq_amaemon, uniq_gastronok
D:10:     layout_loops_ring, lemuel_tele_altar, uniq_erolcha
D:11:     layout_loops_ring, minmay_orc_keep, uniq_sonja
D:12:     layout_rooms, david_orc_5, serial_ice, serial_ice_l, serial_ice_n,
          serial_ice_c, serial_ice_h, portal_ice_cave_entry_animals_and_master
D:13:     layout_cave_pools, serial_shops, shop
D:14:     minmay_mutant_horseshoe, layout_cave_pods,
          hellmonk_vaults_attempted_burglary, hangedman_abyss_or_decor_passed
D:15:     hangedman_depths_entry_try_elsewhere_first, layout_irregular_city,
          grunt_ministairs_7
Lair:1:   layout_cave_pods, minivault_11, uniq_harold
Lair:2:   layout_cave_shapes, swamp_mist, enter_volcano_3, roderic_batcave,
          beast_lair_carwin_2, infiniplex_staircase_pool_2, grunt_megastairs_1
Lair:3:   layout_regular_city, minmay_snake_entry_six_corridors
Lair:4:   layout_regular_city, serial_bayou_shore_b, lemuel_fruit_fields,
          grunt_megastairs_3
Lair:5:   wormcave, layout_misc_corridors, nicolae_slime_entry_slimehenge,
          ebering_ghost_disaster_area, lemuel_fruit_fields,
          infiniplex_staircase_pool, serial_bayou_shore_a
Swamp:1:  layout_basic_swamp, nicolae_swamp_ascending_descending,
          nicolae_swamp_oklob_treasure_island
Swamp:2:  layout_basic_swamp, nicolae_swamp_fairy_circle
Swamp:3:  layout_falls_marsh, nicolae_swamp_stuck_in_the_mud
Swamp:4:  swamp_alternative, layout_basic_swamp,
          nicolae_swamp_decorative_isthmus
Snake:1:  layout_onion, serial_shops, nicolae_shop_drivethru,
          grunt_megastairs_4, minmay_shop_grove
Snake:2:  layout_gridlike, nicolae_integral_box, uniq_vashnia
Snake:3:  layout_grid_maze, serial_bayou, serial_bayou_crossing,
          serial_bayou_pond_a, serial_bayou_ford_a, serial_bayou_pond_d,
          serial_shops, nicolae_shop_window_shopping,
          minmay_shop_enchanted_jewellery, grunt_megastairs_2, minmay_shop_star
Snake:4:  snake_pit_salamanders_mu, layout_cave_town,
          nicolae_snake_mages_go_home
Orc:1:    layout_caves
Orc:2:    grunt_orc_community_town_hall, layout_caves,
          grunt_orc_community_big_house_1, grunt_orc_community_big_house_2,
          grunt_orc_community_house_2, grunt_orc_community_house_2,
          grunt_orc_community_house_1, grunt_orc_community_house_3, uniq_nessos
Elf:1:    layout_loops_corners, minmay_elf_annihilation
Elf:2:    elven_hall_of_blades_hangedman_original [nicolae_blade_little_rooms],
          layout_onion_city
Elf:3:    elf_hall_gauntlet_wide, layout_loops_cross, serial_shops,
          nicolae_shop_competitors_out_of_business
Vaults:1: hangedman_vaults_restitches, nicolae_vaults_little_ls,
          nicolae_vaults_hallways_thing, hangedman_vaults_locks,
          nicolae_vaults_door_testing_chamber, nicolae_vaults_octothorpe,
          nicolae_vaults_two_Ls, hangedman_vaults_nodes,
          nicolae_vaults_network_square, vaults_mumra_hexcomb,
          vaults_dpeg_hooks, layout_vaults_chaotic_city, serial_shops,
          nicolae_shop_mannequins, uniq_saint_roka, uniq_zenata
Vaults:2: gammafunk_ghost_mausoleum, grunt_vaults_twisty,
          nicolae_vaults_storage_room_statues, minmay_crypt_entry_vampire_xt,
          grunt_vaults_hallway_long, nicolae_vaults_mini_display_case,
          nicolae_vaults_trapezoid_1, nicolae_vaults_alarming,
          nicolae_vaults_wrenched, nicolae_vaults_storage_closets_1,
          hangedman_vaults_cutoff, layout_vaults_omnicross, uniq_bai_suzhen
Vaults:3: nicolae_vaults_arrows, nicolae_vaults_inception_corners, st_squares,
          vaults_standard_mumra_lines, nicolae_vaults_house_2,
          nicolae_vaults_turnstiles, grunt_vaults_focal,
          nicolae_vaults_octothorpe, dpeg_vaults_monster_row,
          nicolae_vaults_offset_grid_hallway_2, vaults_room_corners,
          ontoclasm_vaults_ligature, ontoclasm_vaults_pinch,
          layout_vaults_maze_bifur, uniq_margery, uniq_boris
Vaults:4: hangedman_vaults_capsules, nicolae_vaults_tetromino_T_2, v_rooms_2,
          ontoclasm_vaults_shuriken, nicolae_vaults_wine_cellar,
          nicolae_vaults_sesquioval_fish, v_misc_30,
          nicolae_vaults_statue_guard, ontoclasm_vaults_eye,
          nicolae_vaults_asterisk, layout_vaults_omnigrid, uniq_xtahua
Vaults:5
Depths:1: layout_gridlike, elyvilon_altar_4, grunt_hell_entry_dis_grunt,
          lemuel_flames_and_gold, nicolae_triple_integral
Depths:2: minmay_skeletal_surprise, layout_basic, enter_ziggurat_c, hell_entry,
          minmay_crystal_water, serial_shops, shop, shop,
          nicolae_shop_tiny_glass, shop, rand_demon_pan_entry_4
Depths:3: evilmike_marble_ring, layout_cave_pools, hangedman_geh_valley,
          grunt_dithmenos_smoke_and_mirrors, abyss_entry, serial_bayou_shore_b
Depths:4: evilmike_zot_entry_argh, layout_basic, hangedman_coc_ice_floe
Zot:1:    layout_gridlike, hellmonk_formless_pools
Zot:2:    layout_onion_interference, skrybe_zot_glass_3
Zot:3:    layout_gridlike, guppyfry_library_mini
Zot:4:    layout_gridlike, regret_index_zot_stipple_split
Zot:5:    layout_basic, grunt_ministairs_5

Skill      XL: |  1  2  3  4  5  6  7  8  9 10 11 12 13 14 15 16 17 18 19 20 21 22 23 24 25 |
---------------+----------------------------------------------------------------------------+-----
Stealth        | 3 5 |  5.5
Ranged Weapons | 4 |  4.0
Dodging        | 2 3 4 5 7 10 | 10.4
Fighting       | 3 6 8 10 11 13 14 15 16 17 18 20 22 | 22.0
Staves         | 2 3 5 6 7 8 10 12 | 12.3
Armour         | 3 5 7 8 12 14 15 16 | 16.5
Evocations     | 4 6 7 10 12 14 15 17 | 17.4
Translocations | 6 |  6.0
Axes           | 9 13 14 | 14.7
Shields        | 3 7 11 13 14 18 22 | 22.4
Spellcasting   | |  0.3

Action                     |  1- 3 |  4- 6 |  7- 9 | 10-12 | 13-15 | 16-18 | 19-21 | 22-24 | 25-27 || total
---------------------------+-------+-------+-------+-------+-------+-------+-------+-------+-------++-------
  Melee: Lajatang          |       |    72 |   216 |   638 |  1107 |   494 |       |       |       ||  2527
         Constrict         |       |       |       |       |   231 |   277 |   308 |   273 |    59 ||  1148
         Broad axe         |       |       |       |       |       |   807 |  1820 |  2276 |   703 ||  5606
         Punch             |       |       |       |       |       |    21 |       |       |       ||    21
   Fire: Shortbow          |    64 |    32 |       |       |       |       |       |       |       ||    96
  Throw: Dart              |       |       |       |     1 |     3 |       |       |       |       ||     4
         Throwing net      |       |       |       |       |       |       |       |       |     2 ||     2
   Cast: Lesser Beckoning  |       |       |       |       |    48 |    96 |    13 |       |       ||   157
 Invoke: Curse Item        |     2 |     2 |     1 |     1 |     5 |       |     1 |     3 |     1 ||    16
         Shatter the Chain |       |       |     1 |     2 |     1 |       |     2 |     1 |       ||     7
Ability: Spit Poison       |     3 |     7 |     8 |    12 |     3 |       |       |       |       ||    33
  Evoke: Wand              |       |       |     1 |    11 |    11 |    12 |    17 |     2 |     6 ||    60
         Phantom mirror    |       |       |       |       |       |     2 |       |       |       ||     2
         Lightning rod     |       |       |       |       |       |       |     4 |       |       ||     4
         Phial of floods   |       |       |       |       |       |       |     1 |       |       ||     1
    Use: Scroll            |     3 |     4 |     2 |     3 |     1 |     5 |    11 |     5 |    18 ||    52
         Potion            |     1 |     1 |     4 |       |     2 |     4 |     9 |     5 |    24 ||    50
   Stab: Sleeping          |       |     2 |     4 |     7 |    14 |     9 |     6 |       |       ||    42
         Distracted        |       |       |       |     1 |     2 |     2 |     2 |       |       ||     7
         Paralysed         |       |       |       |     3 |     1 |       |    14 |     2 |     3 ||    23
         Confused          |       |       |       |       |       |       |     5 |       |       ||     5
         Petrified         |       |       |       |       |       |       |       |     4 |       ||     4
         Held in net/web   |       |       |       |       |       |       |       |       |     5 ||     5
 Armour: Leather armour    |    22 |    71 |    34 |       |       |       |       |       |       ||   127
         Skin              |       |     2 |       |       |       |       |       |       |       ||     2
         Ring mail         |       |       |   139 |   296 |   582 |  1067 |   277 |       |       ||  2361
         Plate armour      |       |       |       |       |       |       |   736 |  1192 |   413 ||  2341
  Dodge: Dodged            |    17 |    51 |   108 |   558 |   878 |  1043 |   469 |   469 |   202 ||  3795
  Block: Tower shield      |       |       |       |       |       |   283 |  2283 |  2547 |   926 ||  6039

Table legend: (Time is in decaauts)
 A = Elapsed time spent in this place.
 B = Non-inter-level travel time spent in this place.
 C = Inter-level travel time spent in this place.
 D = Time resting spent in this place.
 E = Time spent auto-exploring this place.
 F = Levels seen in this place.
 G = Mean time per level.
                   A        B        C        D        E       F      G
               +--------+--------+--------+--------+--------+-----+--------+
         Total |  70919 |  63028 |   7891 |   8334 |  34209 |  50 | 1418.4 |
       Dungeon |  22338 |  18438 |   3900 |   2401 |  11392 |  15 | 1489.2 |
          Lair |   9011 |   7740 |   1271 |   1344 |   4471 |   5 | 1802.2 |
         Swamp |   3645 |   3400 |    245 |    268 |   2092 |   4 |  911.2 |
     Snake Pit |   7733 |   7112 |    621 |   1269 |   3176 |   4 | 1933.2 |
  Orcish Mines |   2131 |   1723 |    408 |     17 |   1150 |   2 | 1065.5 |
   Elven Halls |   5355 |   5095 |    260 |    937 |   1872 |   3 | 1785.0 |
        Vaults |   8472 |   7928 |    544 |    116 |   4898 |   5 | 1694.4 |
        Depths |   4376 |   4134 |    242 |    204 |   2658 |   4 | 1094.0 |
           Zot |   5169 |   4772 |    397 |    684 |   2308 |   5 | 1033.8 |
         Abyss |    713 |    713 |      0 |    100 |      0 |   1 |  713.0 |
      Ice Cave |   1092 |   1092 |      0 |    552 |    175 |   1 | 1092.0 |
       Volcano |    879 |    879 |      0 |    441 |     14 |   1 |  879.0 |
               +--------+--------+--------+--------+--------+-----+--------+

Top non-repeatable levels by time:
 Snake:4: 3079 daAuts
     D:9: 2563 daAuts
     D:4: 2459 daAuts
  Lair:2: 2231 daAuts
  Lair:5: 2003 daAuts
   Elf:2: 1940 daAuts
   Elf:3: 1925 daAuts
Vaults:1: 1867 daAuts
 Snake:2: 1837 daAuts
Vaults:5: 1806 daAuts
    D:11: 1745 daAuts
     D:3: 1712 daAuts
  Lair:3: 1699 daAuts
Vaults:2: 1675 daAuts
  Lair:4: 1602 daAuts
